AoeStats
← maki

Arabia

504509776Analyzed
1v1 RM · 27d ago on Sep 5, 2026· 35m 10s· 2 players
Game mode
Random Map
Map size
Tiny (2 player)
Population
200
Speed
Normal
Resources
Standard
Victory
Conquest
Starting age
Dark Age
Ending age
Imperial Age
RankedLock teamsTeams togetherTeam positionsShared explorationLock speedFull tech treeHidden civsTurbo modeCheats
Victory
Defeat
🇦🇷 Turks · Argentina
2325
+6
🇩🇪 Malians · Germany
2070
-6
Gengar
6:45 Loom
9:19 Feudal Age
9:56 Double-Bit Axe
12:46 Fletching
20:56 Castle Age
18:56 Horse Collar
21:33 Bodkin Arrow
21:00 Crossbowman
22:01 Bow Saw
28:22 Wheelbarrow
27:57 Gold Mining
30:27 Hand Cart
30:11 Town Watch
34:33 Imperial Age
33:00 Padded Archer Armor
33:13 Bloodlines
33:03 Husbandry
34:11 Leather Archer Armor
35:22 Bracer
34:50 Heavy Cavalry Archer
maki
7:30 Loom
9:46 Feudal Age
10:09 Man-at-Arms
12:05 Double-Bit Axe
15:41 Fletching
21:54 Castle Age
20:32 Padded Archer Armor
21:58 Elite Skirmisher
22:34 Bodkin Arrow
22:50 Bow Saw
25:31 Horse Collar
26:46 Crossbowman
28:34 Ballistics
30:20 Gold Mining
34:31 Leather Archer Armor
Connection lost

Rejoining the realm…

Still unreachable

The connection could not be restored.

Session expired

The server has moved on; the page needs a fresh start.